 Dungeon Crawl Stone Soup version 0.16.2-12-gd0ad4c3 (webtiles) character file.

1897 faibistes the Thaumaturge (level 8, -2/46 HPs)
             Began as a Deep Elf Wizard on Dec 31, 2018.
             Was a Follower of Sif Muna.
             Slain by a shadow imp (3 damage)
             ... on level 6 of the Dungeon on Jan 1, 2019.
             The game lasted 00:26:05 (8775 turns).

faibistes the Thaumaturge (Deep Elf Wizard)         Turns: 8775, Time: 00:26:05

Health: -2/46      AC:  4    Str:  4    XL:     8   Next: 93%
Magic:  22/28      EV: 15    Int: 26    God:    Sif Muna [*.....]
Gold:   383        SH:  0    Dex: 13    Spells: 6 memorised, 13 levels left

rFire  . . .     SeeInvis .     q - +1 dagger (venom)
rCold  . . .     Clarity  .     a - +0 robe (curse)
rNeg   . . .     SustAb   .     (no shield)
rPois  .         Gourm    .     b - +0 hat
rElec  .         Spirit   .     w - +1 cloak
rCorr  +         Warding  .     (no gloves)
rMut   .         Stasis   .     (no boots)
MR     .....                    v - amulet of resist corrosion
Stlth  ++........               (no ring)
                                r - ring of wizardry (curse)

@: slowed, repel missiles, very slow, not resistant to hostile enchantments,
unstealthy
A: no striking features
a: Channel Energy, Renounce Religion


You were on level 6 of the Dungeon.
You worshipped Sif Muna.
Sif Muna was aware of your devotion.
You were hungry.

You visited 2 branches of the dungeon, and saw 8 of its levels.
You also visited: Ossuary.

You collected 383 gold pieces.

Inventory:

Hand weapons
 q - a +1 dagger of venom (weapon)
 t - a +1 dagger of draining
 C - a +1 dagger of draining
 W - a +1 trident of freezing
Armour
 a - a cursed +0 robe (worn)
 b - a +0 hat (worn)
 w - a +1 cloak (worn)
Jewellery
 r - a cursed ring of wizardry (left hand)
 v - an amulet of resist corrosion (around neck)
Magical devices
 E - a wand of frost (19)
Scrolls
 i - a scroll of blinking {unknown}
 m - a scroll of remove curse
 p - a scroll of amnesia {unknown}
 x - a scroll of immolation {unknown}
 A - 3 scrolls of teleportation
Potions
 e - a potion of flight
 f - 3 potions of curing
 g - 2 potions of resistance
 h - 2 potions of agility
 j - a potion of ambrosia {unknown}
 k - 2 potions of restore abilities
 l - 3 potions of brilliance
 n - a potion of heal wounds
 o - 3 potions of might
 s - 4 potions of magic
 z - a potion of cancellation {unknown}
Books
 c - a book of Minor Magic

   Spells                             Type                      Level
   a - Magic Dart                     Conjuration                  1
   b - Blink                          Translocation                2
   c - Call Imp                       Summoning                    2
   d - Repel Missiles                 Charms/Air                   2
   e - Slow                           Hexes                        2
   f - Conjure Flame                  Conjuration/Fire             3
   g - Mephitic Cloud                 Conjuration/Poison/Air       3
 F - a book of Clouds

   Spells                             Type                      Level
   a - Mephitic Cloud                 Conjuration/Poison/Air       3
   b - Conjure Flame                  Conjuration/Fire             3
   c - Poisonous Cloud                Conjuration/Poison/Air       6
   d - Freezing Cloud                 Conjuration/Ice/Air          6
   e - Ring of Flames                 Charms/Fire                  7
Comestibles
 d - 2 bread rations
 u - 3 meat rations
 D - a beef jerky


   Skills:
 - Level 3.4 Fighting
 + Level 6.1 Dodging
 - Level 2.4 Stealth
 * Level 9.7 Spellcasting
 * Level 5.0 Conjurations
 - Level 1.1 Summonings
 * Level 2.4 Translocations
 * Level 3.0 Fire Magic
 * Level 2.6 Air Magic
 + Level 1.6 Poison Magic


You had 13 spell levels left.
You knew the following spells:

 Your Spells              Type           Power        Failure   Level  Hunger
a - Magic Dart            Conj           ####         1%          1    None
b - Conjure Flame         Conj/Fire      ####....     1%          3    None
c - Call Imp              Summ           ###.....     1%          2    None
d - Blink                 Tloc           N/A          1%          2    None
e - Mephitic Cloud        Conj/Pois/Air  ####....     1%          3    None
f - Repel Missiles        Chrm/Air       ###...       1%          2    None


Dungeon Overview and Level Annotations

Branches:
Dungeon (7/15)             Temple (1/1) D:4

Altars:
Ashenzari
Cheibriados
Dithmenos
Elyvilon
Fedhas
Gozag
Kikubaaqudgha
Makhleb
Nemelex Xobeh
Okawaru
Qazlal
Ru
Sif Muna
Trog
Vehumet
Xom
Zin
The Shining One

Annotations:
D:7 Dowan, Duvessa, Sigmund


Message History

The shadow imp barely misses you.
Duvessa hits you with a short sword of electrocution.
The shadow imp gestures at you.
You struggle to resist.
Duvessa closely misses you. Something hits you!
* * * LOW HITPOINT WARNING * * *
The shadow imp hits you.
* * * LOW HITPOINT WARNING * * *
Duvessa hits you with a short sword of electrocution.
* * * LOW HITPOINT WARNING * * *
You climb upwards.
A rat comes into view.
There is a stone staircase leading down here.
Casting: Mephitic Cloud
Confirm with . or Enter, or press ? or * to list all spells.
You blink.
The rat bites you.
* * * LOW HITPOINT WARNING * * *
Casting: Blink
Confirm with . or Enter, or press ? or * to list all spells.
You blink.
The shadow imp hits you.
You die...

###+####+### ##
#............ #..
#..§.......... ...
#............. ...
#...§r........ ...
#....5......... ...
#.....@........ . ..
#.................##+##
############+# #.......
#....... +.......
#....... #.......
####### #


You could see a shadow imp and a rat.

Vanquished Creatures
  The ghost of faibistes the Thaumaturge, an experienced DEWz (Ossuary)
  A water moccasin (D:5)
  2 orc warriors (D:6)
  An ogre (D:4)
  Blork the orc (D:5)
  6 scorpions
  4 crimson imps
  A centaur zombie (Ossuary)
  A jelly (D:5)
  4 human zombies (Ossuary)
  Crazy Yiuf (D:2)
  A giant frog skeleton (D:6)
  2 orc wizards
  4 worker ants
  A big kobold zombie (Ossuary)
  3 mummies (Ossuary)
  A worker ant zombie (D:5)
  Robin (D:2)
  4 adders
  5 scorpion zombies (Ossuary)
  A giant mite (D:1)
  A worm (D:2)
  An adder zombie (D:5)
  An adder skeleton (D:4)
  3 giant geckos
  2 oozes (D:1)
  13 orcs
  10 bats
  4 giant cockroaches
  19 goblins
  15 hobgoblins
  15 jackals
  A ball python (D:5)
  7 giant newts
  A goblin zombie (Ossuary)
  2 hobgoblin zombies (Ossuary)
  A jackal skeleton (D:4)
  10 kobolds
  2 kobold zombies (Ossuary)
  An orc zombie (Ossuary)
  2 quokkas
  13 rats
  A fungus (D:2)
171 creatures vanquished.

Vanquished Creatures (others)
  6 scorpions (Ossuary)
  A kobold zombie (Ossuary)
  An orc zombie (Ossuary)
8 creatures vanquished.

Grand Total: 179 creatures vanquished

Notes
Turn   | Place    | Note
--------------------------------------------------------------
     0 | D:1      | faibistes, the Deep Elf Wizard, began the quest for the Orb.
     0 | D:1      | Reached XP level 1. HP: 10/10 MP: 6/6
   297 | D:1      | Reached XP level 2. HP: 15/15 MP: 2/10
   561 | D:1      | Learned a level 2 spell: Blink
   564 | D:1      | Learned a level 2 spell: Call Imp
  1274 | D:1      | Reached skill level 5 in Spellcasting
  1274 | D:1      | Reached XP level 3. HP: 19/19 MP: 8/14
  1279 | D:1      | Learned a level 3 spell: Conjure Flame
  1283 | D:1      | Learned a level 3 spell: Mephitic Cloud
  1608 | D:2      | Noticed Robin
  1937 | D:2      | Killed Robin
  2149 | D:2      | Learned a level 2 spell: Repel Missiles
  2269 | D:2      | Reached XP level 4. HP: 24/24 MP: 13/17
  2362 | D:2      | Found a stormy altar of Qazlal.
  3174 | D:2      | Noticed Crazy Yiuf
  3189 | D:2      | Killed Crazy Yiuf
  3189 | D:2      | Reached skill level 6 in Spellcasting
  3439 | D:4      | Reached XP level 5. HP: 28/28 MP: 15/20
  3494 | D:4      | Found a sand-covered staircase.
  3526 | Ossuary  | Entered an ossuary
  3745 | Ossuary  | Noticed faibistes' ghost (experienced DEWz)
  3792 | Ossuary  | Killed faibistes' ghost
  3792 | Ossuary  | Reached skill level 7 in Spellcasting
  3792 | Ossuary  | Reached XP level 6. HP: 29/35 MP: 17/24
  3792 | Ossuary  | Reached XP level 7. HP: 33/40 MP: 17/25
  4123 | Ossuary  | Reached skill level 8 in Spellcasting
  4382 | Ossuary  | Reached skill level 5 in Dodging
  5309 | D:5      | Entered Level 5 of the Dungeon
  5688 | D:3      | Reached XP level 8. HP: 46/46 MP: 24/28
  5752 | D:4      | Reached skill level 9 in Spellcasting
  5780 | D:4      | Found a radiant altar of Vehumet.
  5915 | D:4      | Found a staircase to the Ecumenical Temple.
  5921 | Temple   | Entered the Ecumenical Temple
  6037 | Temple   | Became a worshipper of Sif Muna the Loreminder
  6119 | D:4      | Noticed an ogre
  6123 | D:4      | Killed an ogre
  6725 | D:5      | Reached skill level 1 in Air Magic
  6891 | D:5      | Reached skill level 1 in Fire Magic
  7035 | D:5      | Found a glowing golden altar of the Shining One.
  7046 | D:5      | Noticed Blork the orc
  7072 | D:5      | Killed Blork the orc
  7155 | D:6      | Reached skill level 1 in Poison Magic
  7500 | D:5      | Acquired Sif Muna's first power
  7755 | D:5      | Found a burning altar of Makhleb.
  7757 | D:5      | Noticed a green death
  8019 | D:6      | Found a white marble altar of Elyvilon.
  8175 | D:6      | Found a sparkling altar of Nemelex Xobeh.
  8175 | D:6      | Found a snail-covered altar of Cheibriados.
  8177 | D:6      | Found a shattered altar of Ashenzari.
  8177 | D:6      | Found a glowing golden altar of the Shining One.
  8177 | D:6      | Found a blossoming altar of Fedhas.
  8178 | D:6      | Found a shimmering altar of Xom.
  8178 | D:6      | Found a shadowy altar of Dithmenos.
  8179 | D:6      | Found an ancient bone altar of Kikubaaqudgha.
  8420 | D:6      | Reached skill level 5 in Conjurations
  8753 | D:7      | Noticed Sigmund
  8761 | D:7      | Noticed Dowan
  8762 | D:7      | Noticed Duvessa
  8772 | D:7      | HP: 2/46 [Duvessa/short sword of electrocution (5)]
  8775 | D:6      | Slain by a shadow imp

Action                   |  1- 3 |  4- 6 |  7- 9 || total
-------------------------+-------+-------+-------++-------
Melee: Dagger            |    10 |    41 |    40 ||    91
 Cast: Magic Dart        |   113 |    68 |   225 ||   406
       Mephitic Cloud    |     2 |     2 |    15 ||    19
       Blink             |     1 |       |     4 ||     5
       Repel Missiles    |     1 |       |       ||     1
       Conjure Flame     |       |    11 |    45 ||    56
  Use: Scroll            |       |     5 |     7 ||    12
       Potion            |       |       |     3 ||     3
 Stab: Confused          |       |       |     2 ||     2
  Eat: Chunk             |     4 |     5 |    11 ||    20
       Pizza             |       |       |     1 ||     1
       Beef jerky        |       |       |     1 ||     1
